 Dungeon Crawl Stone Soup version 0.30-a0-715-gdb4ae3ece1 (webtiles) character file.

Game seed: 6541349043842139160

110 mopl the Cudgeller (level 4, -2/41 HPs)
             Began as a Gnoll Cinder Acolyte on Jan 24, 2023.
             Was a High Priest of Ignis.
             Killed from afar by an orc wizard (4 damage)
             ... with a puff of flame
             ... on level 3 of the Dungeon.
             The game lasted 00:02:21 (1944 turns).

mopl the Cudgeller (Gnoll Cinder Acolyte)           Turns: 1944, Time: 00:02:22

Health: -2/41      AC:  5    Str: 15    XL:     4   Next: 91%
Magic:  8/8        EV:  8    Int: 13    God:    Ignis [*****.]
Gold:   110        SH:  6    Dex:  8    Spells: 9/9 levels left

rFire   + . .      SeeInvis .    a - -1 mace (flame)
rCold   . . .      Faith    .    d - +0 kite shield
rNeg    . . .      Spirit   .    c - +0 ring mail
rPois   .          Reflect  .    (no helmet)
rElec   .          Harm     .    (no cloak)
rCorr   +          Rampage  .    (no gloves)
Will    .....                    (no boots)
Stlth   +                        (no amulet)
HPRegen 0.26/turn                g - ring of resist corrosion
MPRegen 0.11/turn                (no ring)

@: no status effects
A: fangs 1, strong nose, distributed training
a: Renounce Religion, Fiery Armour, Foxfire Swarm, Rising Flame


You were on level 3 of the Dungeon.
You worshipped Ignis.
Ignis was extremely pleased with you.
You visited 1 branch of the dungeon, and saw 3 of its levels.

You collected 110 gold pieces.

Inventory:

Hand Weapons
 a - a -1 mace of flaming (weapon)
Missiles
 j - 5 javelins
 l - 6 poisoned darts (quivered)
Armour
 c - a +0 ring mail (worn)
 d - a +0 kite shield (worn)
Jewellery
 g - a ring of resist corrosion (left hand)
Scrolls
 e - a scroll of identify {unknown}
Potions
 b - a potion of might {unknown}
 f - a potion of heal wounds {unknown}
 h - a potion of invisibility {unknown}
 i - 2 potions of resistance {unknown}
 k - a potion of haste {unknown}
 m - a potion of flight {unknown}


   Skills:
 + Level 6.6 Fighting
 + Level 1.3 Short Blades
 + Level 1.3 Long Blades
 + Level 1.3 Axes
 + Level 6.6 Maces & Flails
 + Level 1.3 Polearms
 + Level 1.3 Staves
 + Level 1.3 Ranged Weapons
 + Level 1.3 Throwing
 + Level 1.3 Armour
 + Level 1.3 Dodging
 + Level 1.3 Stealth
 + Level 1.3 Shields
 + Level 1.3 Unarmed Combat
 + Level 3.1 Spellcasting
 + Level 1.1 Conjurations
 + Level 1.1 Hexes
 + Level 1.1 Summonings
 + Level 1.1 Necromancy
 + Level 1.1 Translocations
 + Level 1.1 Transmutations
 + Level 5.5 Fire Magic
 + Level 1.1 Ice Magic
 + Level 1.1 Air Magic
 + Level 1.1 Earth Magic
 + Level 1.1 Poison Magic
 + Level 1.5 Invocations
 + Level 1.3 Evocations


You had 9 spell levels left.
You didn't know any spells.
Your spell library contained the following spells:

 Spells                   Type           Power      Damage    Failure   Level
 Scorch                   Fire           32%        2d7       24%         2
 Hailstorm                Conj/Ice       4%         3d4       96%         3
 Ice Form                 Ice/Tmut       4%         N/A       100%        4
 Simulacrum               Ice/Necr       2%         N/A       100%        6


Dungeon Overview and Level Annotations

Branches:
Dungeon (3/15)

Altars:

Shops:
D:1 [


Innate Abilities, Weirdness & Mutations

You have very sharp teeth.
Your uncanny sense of smell can sniff out nearby items.
Your experience applies equally to all skills.


Message History

You hit the ball python. You burn the ball python.
You kill the ball python!
You hear some strange, mumbled words.
A puff of flame appears from out of thin air!
The puff of flame hits you. You resist. Something hits you.
You sock something! You burn something. Your bite misses something.
You block something's attack. Something hits you.
You barely miss something.
The orc priest mumbles some strange prayers to Beogh against you.
Beogh smites you!
You hear some strange, mumbled words.
You are confused.
You barely miss something. Something hits you but does no damage.
You bump into the translucent rock wall.
Something hits you but does no damage.
The orc priest mumbles some strange prayers to Beogh against you.
Beogh smites you!
* * * LOW HITPOINT WARNING * * *
You bump into the rock wall.
Something hits you but does no damage.
You barely miss something.
Something hits you but does no damage. x2
You feel less confused.
The orc priest begins to cast a cantrip, but forgets the words!
Something hits you.
* * * LOW HITPOINT WARNING * * *
Something hits you.
* * * LOW HITPOINT WARNING * * *
A magic dart appears from out of thin air!
The magic dart hits you.
* * * LOW HITPOINT WARNING * * *
The bat hits you but does no damage.
The quokka twitches its whiskers.
The bat hits you but does no damage. The bat attacks as you move away!
The bat hits you.
* * * LOW HITPOINT WARNING * * *
The bat hits you but does no damage. The bat completely misses you.
The bat hits you but does no damage.
A puff of flame appears from out of thin air!
The puff of flame hits you. You resist.
You die...

#.# #...#
..#..###.<[#
......[..###
........###
..........#
..#.......#
. #.......#
#######.#
#@## #b.##
##..# ##{#
#####.S##
#......r##
#..#####.o#
#.##...##.#
#.#.#.#.#.#


You could see an orc, a quokka, a bat and a ball python.

Vanquished Creatures
  2 adders (D:2)
  4 gnolls
  2 dart slugs (D:2)
  5 ball pythons
  5 bats
  4 endoplasms
  2 giant cockroaches (D:1)
  5 hobgoblins
  4 quokkas
  4 frilled lizards
  5 goblins
  4 kobolds
  4 rats
50 creatures vanquished.

Notes
Turn   | Place    | Note
-------+----------+-------------------------------------------
     0 | D:1      | mopl the Gnoll Cinder Acolyte began the quest for the Orb.
     0 | D:1      | Reached XP level 1. HP: 23/23 MP: 4/4
   165 | D:1      | Found Luizakiu's Antique Armour Boutique.
   203 | D:1      | Reached XP level 2. HP: 21/29 MP: 5/5
   437 | D:1      | Reached XP level 3. HP: 35/35 MP: 7/7
   969 | D:1      | Reached skill level 1 in Invocations
  1090 | D:1      | Reached skill level 1 in Short Blades
  1090 | D:1      | Reached skill level 1 in Long Blades
  1090 | D:1      | Reached skill level 1 in Axes
  1090 | D:1      | Reached skill level 1 in Polearms
  1090 | D:1      | Reached skill level 1 in Staves
  1090 | D:1      | Reached skill level 1 in Ranged Weapons
  1090 | D:1      | Reached skill level 1 in Throwing
  1090 | D:1      | Reached skill level 1 in Armour
  1090 | D:1      | Reached skill level 1 in Dodging
  1090 | D:1      | Reached skill level 1 in Stealth
  1090 | D:1      | Reached skill level 1 in Shields
  1090 | D:1      | Reached skill level 1 in Unarmed Combat
  1090 | D:1      | Reached skill level 1 in Evocations
  1173 | D:1      | Reached XP level 4. HP: 37/41 MP: 8/8
  1199 | D:2      | Reached skill level 3 in Spellcasting
  1267 | D:2      | Reached skill level 1 in Conjurations
  1267 | D:2      | Reached skill level 1 in Hexes
  1267 | D:2      | Reached skill level 1 in Summonings
  1267 | D:2      | Reached skill level 1 in Necromancy
  1267 | D:2      | Reached skill level 1 in Translocations
  1267 | D:2      | Reached skill level 1 in Transmutations
  1267 | D:2      | Reached skill level 1 in Ice Magic
  1267 | D:2      | Reached skill level 1 in Air Magic
  1267 | D:2      | Reached skill level 1 in Earth Magic
  1267 | D:2      | Reached skill level 1 in Poison Magic
  1650 | D:2      | Found a faded altar of an unknown god.
  1940 | D:3      | HP: 2/41 [something/magic dart (5)]
  1944 | D:3      | Killed from afar by an orc wizard

Illustrated notes

Levels and vault maps discovered:
D:1:      dpeg_arrival_windows_large_door, layout_loops_ring, serial_shops,
          shop, minmay_misc_feat_more_columns, chequers_arboretum,
          nrook_loot_triangle
D:2:      layout_loops_corners, nicolae_ecumenical_lake_church, minmay_ruptured
D:3:      layout_rooms, minmay_checkerbox

Skill      XL: |  1  2  3  4 |
---------------+-------------+-----
Invocations    | 1 |  1.5
Short Blades   | 1 |  1.3
Long Blades    | 1 |  1.3
Axes           | 1 |  1.3
Polearms       | 1 |  1.3
Staves         | 1 |  1.3
Ranged Weapons | 1 |  1.3
Throwing       | 1 |  1.3
Armour         | 1 |  1.3
Dodging        | 1 |  1.3
Stealth        | 1 |  1.3
Shields        | 1 |  1.3
Unarmed Combat | 1 |  1.3
Evocations     | 1 |  1.3
Spellcasting   | 3 |  3.1
Conjurations   | 1 |  1.1
Hexes          | 1 |  1.1
Summonings     | 1 |  1.1
Necromancy     | 1 |  1.1
Translocations | 1 |  1.1
Transmutations | 1 |  1.1
Ice Magic      | 1 |  1.1
Air Magic      | 1 |  1.1
Earth Magic    | 1 |  1.1
Poison Magic   | 1 |  1.1
Fighting       | |  6.6
Maces & Flails | |  6.6
Fire Magic     | |  5.5

Action                     |  1- 3 |  4- 6 || total
---------------------------+-------+-------++-------
  Melee: Mace              |    74 |    62 ||   136
         Bite              |     4 |     2 ||     6
 Armour: Ring mail         |    35 |    32 ||    67
  Dodge: Dodged            |    43 |    28 ||    71
  Block: Kite shield       |    26 |    23 ||    49

Table legend: (Time is in decaauts)
 A = Elapsed time spent in this place.
 B = Non-inter-level travel time spent in this place.
 C = Inter-level travel time spent in this place.
 D = Time resting spent in this place.
 E = Time spent auto-exploring this place.
 F = Levels seen in this place.
 G = Mean time per level.
                   A        B        C        D        E       F      G
               +--------+--------+--------+--------+--------+-----+--------+
         Total |   1986 |   1898 |     88 |    273 |   1219 |   3 |  662.0 |
       Dungeon |   1986 |   1898 |     88 |    273 |   1219 |   3 |  662.0 |
               +--------+--------+--------+--------+--------+-----+--------+

Top non-repeatable levels by time:
     D:2: 999 daAuts
     D:1: 949 daAuts
     D:3: 37 daAuts
